Map: Winter's Gate LE

Players

Denver

  • Race: Zerg Zerg
  • Spawn Location: 11:00

Serral - Winner!

  • Race: Zerg Zerg
  • Spawn Location: 5:00

VOD

Have the link to the VOD?

Description

Time

  • Played on: Sept. 7, 2019, 5:16 p.m.
  • Length: 7:57
Show
View Real Time Build Order
Export as new Build Order

Denver Zerg 

Build Orders: Hatch First, Zergling Baneling 

Get SALT Encoding   

  12  0:00  Drone  
  13  0:12  Overlord  
  13  0:16  Drone  
  14  0:30  Drone x2  
  16  0:47  Hatchery  
  15  0:50  Drone  
  15  0:54  Drone  
  17  0:58  Drone  
  18  1:08  Extractor  
  17  1:13  Spawning Pool  
  17  1:15  Drone  
  17  1:19  Drone  
  18  1:29  Drone  
  19  1:39  Drone  
  20  1:49  Drone  
  21  1:59  Overlord  
  21  2:00  Drone, Queen x2  
  26  2:08  Metabolic Boost  
  26  2:09  Zergling x2  
  26  2:10  Drone  
  28  2:23  Drone x2  
  30  2:30  Baneling Nest  
  29  2:38  Hatchery  
  29  2:40  Zergling x2  
  29  2:43  Zergling x2  
  30  2:46  Zergling x2  
  30  2:50  Overlord  
  31  2:55  Zergling x4  
  33  3:06  Zergling x4  
  33  3:11  Zergling x2  
  33  3:12  Zergling x8  
  40  3:15  Baneling x2  
  40  3:17  Zergling x2  
  41  3:23  Overlord  
  41  3:30  Zergling x4  
  41  3:32  Baneling  
  41  3:33  Baneling  
  43  3:35  Zergling x2  
  44  3:47  Zergling x8  
  44  3:48  Baneling x2  
  41  3:51  Overlord  
  41  3:53  Zergling x2  
  42  3:58  Zergling x2  
  38  4:03  Zergling x4  
  38  4:07  Zergling x2  
  40  4:11  Zergling x4  
  40  4:18  Queen, Baneling x3  
  40  4:23  Zergling x6  
  43  4:26  Drone  
  43  4:28  Drone  
  45  4:37  Drone x3  
  42  4:48  Drone x5  
  42  4:52  Drone  
  46  4:53  Drone  
  46  4:56  Baneling  
  47  5:03  Drone x3  
  47  5:06  Drone x2, Extractor  
  51  5:07  Zergling x2  
  51  5:12  Drone x3  
  54  5:16  Drone x2  
  54  5:17  Baneling  
  56  5:25  Zergling x6  
  56  5:26  Zergling x4, Baneling  
  56  5:27  Baneling  
  60  5:38  Drone x5  
  60  5:41  Overlord  
  62  5:47  Drone  
  61  5:50  Roach Warren  
  61  5:54  Drone x5  
  65  5:58  Overlord  
  65  6:01  Overlord, Extractor  
  64  6:12  Baneling x3  
  64  6:13  Overlord  
  64  6:17  Drone x2  
  64  6:18  Overlord  
  66  6:22  Overlord  
  66  6:27  Overlord  
  66  6:29  Extractor  
  65  6:37  Roach x9  
  65  6:38  Roach  
  81  6:49  Zergling x2, Roach x5  
  78  7:00  Ravager x2  
  76  7:01  Zergling x6  
  76  7:02  Zergling x8  
  76  7:07  Zergling x6  
  76  7:08  Zergling x2  
  87  7:12  Zergling x4  
  89  7:16  Zergling x6  
  89  7:22  Zergling x2  
  92  7:27  Zergling x4  
  94  7:34  Zergling x2  
  94  7:35  Zergling x8  
  89  7:39  Zergling x2  
Show
View Real Time Build Order
Export as new Build Order

Serral Zerg - Winner!

Build Orders: Hatch First, Zergling Baneling 

Get SALT Encoding   

  12  0:00  Drone  
  13  0:12  Overlord  
  13  0:16  Drone  
  14  0:30  Drone  
  14  0:31  Drone  
  16  0:48  Hatchery  
  15  0:51  Drone  
  15  0:54  Drone  
  17  0:58  Drone  
  18  1:08  Extractor  
  17  1:13  Spawning Pool  
  17  1:16  Drone  
  17  1:18  Drone  
  18  1:28  Drone  
  19  1:40  Drone  
  20  1:53  Drone  
  21  1:59  Overlord  
  21  2:00  Queen x2  
  26  2:01  Zergling x2  
  26  2:07  Metabolic Boost  
  26  2:10  Drone  
  26  2:11  Drone  
  28  2:22  Drone x2  
  30  2:32  Hatchery  
  30  2:35  Zergling x2  
  30  2:38  Zergling x2  
  31  2:46  Drone, Baneling Nest  
  31  2:48  Drone  
  32  2:53  Overlord  
  32  2:55  Drone  
  33  3:06  Zergling x4  
  33  3:09  Zergling x2  
  36  3:13  Drone x3  
  36  3:14  Zergling x2  
  36  3:16  Overlord  
  40  3:21  Drone  
  40  3:26  Zergling x2  
  42  3:27  Queen  
  42  3:30  Baneling  
  42  3:33  Evolution Chamber  
  43  3:39  Zergling x6  
  45  3:43  Drone x2  
  45  3:44  Baneling x2  
  45  3:48  Drone x2  
  45  3:51  Baneling  
  45  3:55  Zergling x4  
  42  4:03  Queen  
  41  4:11  Zergling x8  
  41  4:15  Baneling x2  
  44  4:18  Zergling x6  
  46  4:24  Baneling  
  46  4:26  Queen  
  47  4:33  Baneling x3  
  47  4:38  Zergling x10  
  48  4:46  Queen  
  48  4:51  Zergling x8  
  53  4:54  Baneling x2  
  53  4:59  Overlord  
  53  5:08  Baneling x2  
  53  5:09  Drone x2  
  53  5:11  Drone x3  
  58  5:18  Drone x2  
  58  5:19  Drone, Roach Warren  
  59  5:25  Overlord  
  59  5:26  Drone  
  59  5:29  Overlord  
  59  5:31  Extractor  
  57  5:37  Drone x2  
  57  5:39  Zergling x4  
  57  5:41  Zergling x2  
  62  5:49  Drone x3  
  59  5:52  Zerg Missile Weapons Level 1  
  59  5:54  Drone  
  59  5:55  Drone  
  59  5:57  Zergling x4, Extractor  
  59  5:59  Drone x2  
  63  6:05  Baneling x2  
  63  6:06  Baneling  
  63  6:07  Zergling x6  
  63  6:08  Zergling x2  
  63  6:09  Overlord  
  63  6:10  Drone x2  
  68  6:13  Drone  
  68  6:17  Drone  
  70  6:20  Drone  
  70  6:23  Lair  
  70  6:24  Drone  
  72  6:29  Drone x4  
  72  6:32  Baneling x2  
  76  6:35  Drone  
  76  6:36  Drone x2, Extractor x2  
  76  6:38  Overlord  
  77  6:41  Drone  
  77  6:44  Overlord  
  77  6:46  Overlord  
  81  6:47  Roach x2  
  80  6:55  Roach x3  
  80  6:58  Roach  
  80  6:59  Roach  
  89  7:03  Roach x2  
  89  7:07  Roach, Spine Crawler  
  92  7:09  Roach  
  92  7:11  Roach  
  92  7:14  Roach x2  
  100  7:18  Roach  
  101  7:23  Roach  
  101  7:24  Roach x2  
  107  7:36  Roach x6  
Tags
 
Add a new tag
Caveats
  • Supply blocks, unpowered buildings, or Contaminate may cause inaccurate times.
  • Supply counts are checked every 10 seconds.